 Dungeon Crawl Stone Soup version 0.30-a0-263-ge22c4ad894 (webtiles) character file.

Game seed: 16849648736313823310

18 freelancePsychic the Sneak (level 2, -3/27 HPs)
             Began as a Minotaur Delver on Oct 14, 2022.
             Slain by a gnoll
             ... wielding a +0 club
              (7 damage)
             ... on level 3 of the Dungeon.
             The game lasted 00:01:17 (199 turns).

freelancePsychic the Sneak (Minotaur Delver)         Turns: 199, Time: 00:01:17

Health: -3/27      AC:  3    Str: 16    XL:     2   Next: 48%
Magic:  1/1        EV: 11    Int:  7    God:
Gold:   0          SH:  0    Dex: 11    Spells: 1/1 levels left

rFire   . . .      SeeInvis .    a - +0 spear
rCold   . . .      Faith    .    (no shield)
rNeg    . . .      Spirit   .    b - +0 leather armour
rPois   .          Reflect  .    (helmet restricted)
rElec   .          Harm     .    (no cloak)
rCorr   .          Rampage  .    (no gloves)
Will    .....                    (no boots)
Stlth   ++........               (no amulet)
HPRegen 0.24/turn                (no ring)
MPRegen 0.07/turn                (no ring)

@: hasted, very quick
A: horns 2, retaliatory headbutt
a: no special abilities


You were on level 3 of the Dungeon.
You visited 1 branch of the dungeon, and saw 3 of its levels.

Inventory:

Hand Weapons
 a - a +0 spear (weapon)
Armour
 b - a +0 leather armour (worn)
 i - a +0 scale mail
 j - a +0 buckler
Wands
 g - a wand of digging (3)
Scrolls
 c - a scroll of fog
 e - a scroll of fear
Potions
 d - 2 potions of resistance {unknown}
 h - a potion of berserk rage {unknown}


   Skills:
 + Level 4.0 Fighting
 * Level 3.4 Polearms
 - Level 2.1 Dodging
 - Level 4.1 Stealth


You had one spell level left.
You didn't know any spells.
Your spell library was empty.

Dungeon Overview and Level Annotations

Branches:
Dungeon (5/15)
 Temple: D:4-7

Altars:

Shops:
D:4 *


Innate Abilities, Weirdness & Mutations

You have a pair of horns on your head.
You reflexively headbutt those who attack you in melee.


Message History

You hear the slow rusting of a very distant drain.
You see here a +0 buckler.
j - a +0 buckler A giant cockroach comes into view.
A gnoll comes into view. It is wielding a +0 club.
The gnoll shouts!
A rat comes into view.
A gnoll comes into view. It is wielding a +0 halberd.
The giant cockroach waves its antennae.
You hit the giant cockroach.
You headbutt the giant cockroach, but do no damage.
The giant cockroach is almost dead.
The giant cockroach bites you.
You hit the giant cockroach.
Your headbutt misses the giant cockroach.
The giant cockroach is almost dead.
The giant cockroach barely misses you.
You hit the giant cockroach but do no damage.
The giant cockroach is almost dead.
The giant cockroach bites you but does no damage.
You hit the giant cockroach.
You kill the giant cockroach!
You reach to attack!
You hit the rat but do no damage. You hit the rat but do no damage.
The rat barely misses you. You furiously retaliate!
You headbutt the rat!
You kill the rat!
You closely miss the gnoll. The gnoll hits you with a +0 club!
You are too injured to fight recklessly!
You hit the gnoll. You headbutt the gnoll.
The gnoll is severely wounded.
The gnoll hits you with a +0 club.
You hit the gnoll but do no damage.
The gnoll is severely wounded.
The gnoll hits you with a +0 club.
You closely miss the gnoll. Your headbutt misses the gnoll.
The gnoll is heavily wounded.
The gnoll hits you with a +0 club.
* * * LOW HITPOINT WARNING * * *
You feel yourself speed up. The gnoll hits you with a +0 club!
You die...

..........).....#
###.##.##........#
#......####.####.#
.#.......###.# #
.............#
.#.......#######
...............##
.###.##..........
# #@######.##
###.##g.#
#.......#
#.#.#...#
.........
#.#.#..####
.........
..g......
..##.....


You could see a gnoll.

Vanquished Creatures
  An adder (D:4)
  A worm (D:5)
  A giant cockroach (D:3)
  A goblin (D:4)
  A kobold (D:3)
  A rat (D:3)
6 creatures vanquished.

Notes
Turn   | Place    | Note
-------+----------+-------------------------------------------
     0 | D:5      | freelancePsychic the Minotaur Delver began the quest for
                  | the Orb.
     0 | D:5      | Reached XP level 1. HP: 19/19 MP: 0/0
    46 | D:5      | Noticed an ogre
    84 | D:4      | Reached XP level 2. HP: 27/27 MP: 1/1
    86 | D:4      | Found Entaell's General Store.
   199 | D:3      | Slain by a gnoll

Illustrated notes

Levels and vault maps discovered:
D:3:      layout_loops_ring, minmay_overflow_temple_hex, portal_sewer_entry_e,
          chequers_serial_rivers_small_3
D:4:      layout_basic, serial_shops, nicolae_shop_hallway_stairs,
          minmay_joined_circles
D:5:      layout_cave_pods, uniq_ijyb

Skill      XL: |  1 |
---------------+----+-----
Fighting       | 4 |  4.0
Polearms       | 3 |  3.4
Dodging        | |  2.1
Stealth        | |  4.1

Action                   || total
-------------------------++-------
Melee: Spear             ||    25
       Headbutt          ||     5
  Use: Scroll            ||     1
       Potion            ||     1
 Stab: Sleeping          ||     1
Armor: Leather armour    ||     2
Dodge: Dodged            ||     7

Table legend: (Time is in decaauts)
 A = Elapsed time spent in this place.
 B = Non-inter-level travel time spent in this place.
 C = Inter-level travel time spent in this place.
 D = Time resting spent in this place.
 E = Time spent auto-exploring this place.
 F = Levels seen in this place.
 G = Mean time per level.
                   A        B        C        D        E       F      G
               +--------+--------+--------+--------+--------+-----+--------+
         Total |    197 |    177 |     20 |     12 |     39 |   3 |   65.7 |
       Dungeon |    197 |    177 |     20 |     12 |     39 |   3 |   65.7 |
               +--------+--------+--------+--------+--------+-----+--------+

Top non-repeatable levels by time:
     D:4: 71 daAuts
     D:3: 70 daAuts
     D:5: 54 daAuts
